[Event "Selfoss Chess Festival 2019"]
[Site "Selfoss"]
[Date "2019.11.21"]
[Round "3.4"]
[White "Steingrimsson, Hedinn"]
[Black "Lomasov, Semyon"]
[Result "1/2-1/2"]
[ECO "A17"]
[WhiteElo "2549"]
[BlackElo "2553"]
[Annotator "RC"]
[PlyCount "80"]
[EventDate "2019.11.19"]
[EventType "tourn"]
[EventCountry "ISL"]
[SourceTitle "playchess.com"]
[Source "ChessBase"]
[SourceQuality "1"]
[TimeControl "40/5400+30:900+30"]

1. Nf3 Nf6 2. c4 e6 3. Nc3 Bb4 4. Qc2 O-O 5. a3 Bxc3 6. Qxc3 d6 7. b4 e5 8. Bb2 c5 9. d3 b5 10. cxb5 cxb4 11. axb4 Bd7 12. e4 Bxb5 13. Be2 Nc6 14. O-O Rc8 15. Qd2 Re8 16. Rac1 a6 17. Rfe1 d5 18. Bf1 dxe4 19. dxe4 Qxd2 20. Nxd2 Bxf1 21. Rxf1 Rcd8 22. Bc3 Nd4 23. Rfe1 Nb5 24. Nf3 Nxc3 25. Rxc3 Rb8 26. Rc4 h6 27. Kf1 Rb5 28. Ra1 Reb8 29. Ra4 Nd7 30. Rc7 Nf6 31. Rc4 Nd7 32. Rxa6 Rxb4 33. Rxb4 Rxb4 34. Ra8+ Kh7 35. Ra7 Nc5 36. Rxf7 Rxe4 37. Rc7 Nd3 38. Rc3 Nf4 39. g3 Ne6 40. Rd3 Kg6 1/2-1/2

[Event "Selfoss Chess Festival 2019"]
[Site "Selfoss"]
[Date "2019.11.28"]
[Round "8.1"]
[White "Gretarsson, Helgi Ass"]
[Black "Antipov, Mikhail Al."]
[Result "0-1"]
[ECO "D85"]
[WhiteElo "2415"]
[BlackElo "2558"]
[Annotator "RC"]
[PlyCount "40"]
[EventDate "2019.11.19"]
[EventType "tourn"]
[EventCountry "ISL"]
[SourceTitle "playchess.com"]
[Source "ChessBase"]
[SourceQuality "1"]
[TimeControl "40/5400+30:900+30"]

1. d4 Nf6 2. c4 g6 3. Nc3 d5 4. cxd5 Nxd5 5. Bd2 c5 6. dxc5 Bg7 7. Qb3 Be6 8. Qxb7 O-O 9. Rc1 Bxc3 10. Bxc3 Nd7 11. Bd2 Rb8 12. Qxa7 Rxb2 13. Nf3 N5f6 14. a3 Ne4 15. Bb4 Nb8 16. Qb6 Qd5 17. g3 Qc4 18. Rd1 Na6 19. e3 Qc2 20. Nd2 Nxb4 0-1

[Event "Selfoss Chess Festival 2019"]
[Site "Selfoss"]
[Date "2019.11.28"]
[Round "8.5"]
[White "Zhigalko, Sergei"]
[Black "Steingrimsson, Hedinn"]
[Result "1-0"]
[ECO "C85"]
[WhiteElo "2574"]
[BlackElo "2549"]
[Annotator "RC"]
[PlyCount "96"]
[EventDate "2019.11.19"]
[EventType "tourn"]
[EventCountry "ISL"]
[SourceTitle "playchess.com"]
[Source "ChessBase"]
[SourceQuality "1"]
[TimeControl "40/5400+30:900+30"]

1. e4 e5 2. Nf3 Nc6 3. Bb5 a6 4. Ba4 Nf6 5. O-O Be7 6. Bxc6 dxc6 7. d3 Nd7 8. Nbd2 O-O 9. Nc4 f6 10. Nh4 Nc5 11. Nf5 Bxf5 12. exf5 Qd5 13. Re1 Rad8 14. Qg4 Rfe8 15. Nd2 Qd4 16. Ne4 Nxe4 17. Rxe4 Qc5 18. Rc4 Qd5 19. Be3 b5 20. Re4 Bc5 21. Qh5 Bxe3 22. fxe3 Qf7 23. Qf3 g5 24. fxg6 hxg6 25. Rg4 Rd6 26. Rf1 Kg7 27. b3 Rh8 28. Qg3 Rh5 29. Rf3 Rd8 30. Qf2 c5 31. Rfg3 Rh6 32. Qf5 Rdh8 33. h4 Rg8 34. h5 Kh7 35. hxg6+ Rgxg6 36. d4 exd4 37. exd4 c4 38. bxc4 bxc4 39. Kf2 Kg7 40. d5 Rxg4 41. Rxg4+ Rg6 42. Rxg6+ Qxg6 43. Qxg6+ Kxg6 44. Ke3 Kf5 45. Kd4 Kf4 46. Kxc4 Kg3 47. Kd4 Kxg2 48. Ke4 Kg3 1-0